 Dungeon Crawl Stone Soup version 0.22.1-1-ga44c0e56f4 (webtiles) character file.

93 Kisielow the Slasher (level 4, -2/40 HPs)
             Began as a Minotaur Fighter on Sept 20, 2018.
             Slain by a hornet zombie (7 damage)
             ... on level 3 of the Dungeon.
             The game lasted 00:04:05 (1982 turns).

Kisielow the Slasher (Minotaur Fighter)             Turns: 1982, Time: 00:04:05

Health: -2/40      AC:  7    Str: 27    XL:     4   Next: 37%
Magic:  3/3        EV:  7    Int:  5    God:
Gold:   179        SH: 10    Dex:  9    Spells: 3/3 levels left

rFire    + . .     SeeInvis .   a - +1 long sword
rCold    + . .     Gourm    .   c - +0 shield
rNeg     . . .     Faith    .   b - +0 scale mail
rPois    .         Spirit   .   (helmet restricted)
rElec    .         Reflect  .   (no cloak)
rCorr    .         Harm     .   (no gloves)
MR       .....                  (no boots)
Stlth    ..........             h - amulet of regeneration
HPRegen  0.53/turn              e - ring of protection from cold
MPRegen  0.08/turn              l - ring of protection from fire

@: mighty
A: retaliatory headbutt, horns 2
a: no special abilities


You were on level 3 of the Dungeon.
You were hungry.

You visited 1 branch of the dungeon, and saw 3 of its levels.

You collected 179 gold pieces.

Inventory:

Hand Weapons
 a - a +1 long sword (weapon)
Armour
 b - a +0 scale mail (worn)
 c - a +0 shield (worn)
Jewellery
 e - a ring of protection from cold (left hand)
 h - an amulet of regeneration (around neck)
 l - a ring of protection from fire (right hand)
Scrolls
 k - a scroll of identify
Potions
 i - 2 potions of curing
 m - a potion of magic {unknown}
 o - a potion of lignification {unknown}
Comestibles
 f - 6 rations


   Skills:
 + Level 3.8 Fighting
 * Level 5.3 Long Blades
 + Level 3.8 Armour
 + Level 3.8 Shields


You had 3 spell levels left.
You didn't know any spells.
Your spell library was empty.

Dungeon Overview and Level Annotations

Branches:
Dungeon (3/15)

Altars:


Innate Abilities, Weirdness & Mutations

You reflexively headbutt those who attack you in melee.
You have a pair of horns on your head.


Message History

You block the hornet zombie's attack. The hornet zombie hits you.
You closely miss the hornet zombie.
You headbutt the hornet zombie, but do no damage.
The hornet zombie is moderately damaged.
The hornet zombie hits you!
* * * LOW HITPOINT WARNING * * *
You are too injured to fight recklessly!
You are too injured to fight recklessly!
You hit the hornet zombie but do no damage.
The hornet zombie is moderately damaged.
The hornet zombie hits you.
* * * LOW HITPOINT WARNING * * *
You block the hornet zombie's attack.
You feel very mighty all of a sudden. The hornet zombie hits you!
* * * LOW HITPOINT WARNING * * *
You closely miss the hornet zombie. Your headbutt misses the hornet zombie.
The hornet zombie is moderately damaged.
The hornet zombie hits you!
You die...

### #..
#.### #
#...#.#
#<#.#.#
#.#...#.##.
#.#@.......
#..Z.......
###....####
#....#
#....#
#....#
#....#
.....#


You could see a hornet zombie.

Vanquished Creatures
  8 oozes (D:1)
  3 worms
  2 dart slugs (D:1)
  A leopard gecko (D:1)
  9 giant cockroaches
  2 goblins
  3 hobgoblins
  A jackal (D:1)
  2 kobolds
  2 quokkas (D:2)
  5 bats
  2 frilled lizards (D:1)
  6 rats
46 creatures vanquished.

Notes
Turn   | Place    | Note
-------+----------+-------------------------------------------
     0 | D:1      | Kisielow the Minotaur Fighter began the quest for the Orb.
     0 | D:1      | Reached XP level 1. HP: 19/19 MP: 0/0
     1 | D:1      | Found a runed door.
    52 | D:1      | Reached skill level 3 in Long Blades
    59 | D:1      | Reached XP level 2. HP: 24/26 MP: 1/1
    89 | D:1      | Reached skill level 4 in Long Blades
    97 | D:1      | Reached XP level 3. HP: 10/31 MP: 2/2
   615 | D:1      | Reached skill level 5 in Long Blades
   666 | D:1      | Reached XP level 4. HP: 40/40 MP: 3/3
  1982 | D:3      | Slain by a hornet zombie

Skill      XL: |  1  2  3 |
---------------+----------+-----
Long Blades    | 3 4 5 |  5.3
Fighting       | |  3.8
Armour         | |  3.8
Shields        | |  3.8

Action                   |  1- 3 |  4- 6 || total
-------------------------+-------+-------++-------
Melee: Long sword        |    50 |    10 ||    60
       Headbutt          |    13 |     9 ||    22
       Short sword       |    32 |    64 ||    96
  Use: Scroll            |     1 |     4 ||     5
       Potion            |       |     1 ||     1
  Eat: Chunk             |       |     3 ||     3
Armor: Scale mail        |    36 |    25 ||    61
Dodge: Dodged            |    22 |    13 ||    35
Block: Shield            |    34 |    37 ||    71
       Rpst.: Long sword |     4 |     1 ||     5
